 Dungeon Crawl Stone Soup version 0.19-a0-1866-ge6f2195 (webtiles) character file.

75 tb0li the Gusty (level 4, -2/24 HPs)
             Began as a Tengu Air Elementalist on Oct 12, 2016.
             Slain by a goblin (6 damage)
             ... led by Robin
             ... on level 3 of the Dungeon.
             The game lasted 00:08:13 (1738 turns).

tb0li the Gusty (Tengu Air Elementalist)            Turns: 1738, Time: 00:08:14

Health: -2/24      AC:  2    Str:  8    XL:     4   Next: 31%
Magic:  0/8        EV: 13    Int: 16    God:
Gold:   101        SH:  0    Dex: 15    Spells: 1 memorised, 6 levels left

rFire  . . .     SeeInvis .     l - +1 mace (protect)
rCold  . . .     Gourm    .     a - +0 robe
rNeg   . . .     Faith    .     (no shield)
rPois  .         Spirit   .     (helmet restricted)
rElec  .         Dismiss  .     (no cloak)
rCorr  .         Reflect  .     (no gloves)
MR     .....     Harm     .     (boots unavailable)
Stlth  ++........               (no amulet)
                                (no ring)
                                (no ring)

@: no status effects
A: beak, talons 3
a: no special abilities


You were on level 3 of the Dungeon.
You were not hungry.

You visited 1 branch of the dungeon, and saw 3 of its levels.

You collected 101 gold pieces.

Inventory:

Hand Weapons
 l - a +1 mace of protection (weapon)
Missiles
 o - 30 poisoned needles
Armour
 a - a +0 robe (worn)
Scrolls
 e - 2 scrolls of remove curse {unknown}
 f - a scroll of magic mapping {unknown}
 i - a scroll of enchant armour {unknown}
 k - a scroll of blinking {unknown}
 n - 2 scrolls of identify {unknown}
 t - a scroll of teleportation {unknown}
Potions
 g - a potion of cancellation
 h - a potion of curing {unknown}
 p - a potion of invisibility {unknown}
 q - a potion of might {unknown}
 r - a potion of degeneration {unknown}
 s - a potion of ambrosia {unknown}
Books
 b - a book of Air

   Spells                             Type                      Level
   a - Shock                          Conjuration/Air              1
   b - Swiftness                      Charms/Air                   2
   c - Repel Missiles                 Charms/Air                   2
   d - Static Discharge               Conjuration/Air              3
   e - Lightning Bolt                 Conjuration/Air              5
Comestibles
 c - 3 bread rations
 d - 2 fruits
 j - 2 meat rations
 m - a royal jelly
 u - a chunk of flesh


   Skills:
 - Level 2.1 Dodging
 - Level 2.0 Stealth
 - Level 2.0 Spellcasting
 + Level 4.5 Conjurations
 + Level 4.9 Air Magic


You had 6 spell levels left.
You knew the following spells:

 Your Spells              Type           Power        Failure   Level  Hunger
a - Shock                 Conj/Air       ###.         3%          1    #......


Dungeon Overview and Level Annotations

Branches:
Dungeon (3/15)

Altars:
Fedhas
Nemelex Xobeh
Qazlal

Annotations:
D:3 fearitself's ghost, amateur FoWr


Innate Abilities, Weirdness & Mutations

You have a beak for a mouth.
You have claws for feet.


Message History

You barely miss the goblin.
The goblin is severely wounded.
The goblin misses you. The goblin barely misses you.
The goblin hits you with a club. The goblin misses you.
Robin throws the goblin at you! The goblin closely misses you.
A goblin and a hobgoblin come into view.
Casting: Shock
Confirm with . or Enter, or press ? or * to list all spells.
Aiming: Shock
Press: ? - help, Shift-Dir - straight line, f/p - Robin
Aim: Robin, wielding a club, wearing an animal skin and wearing a helmet (almost dead)
The zap hits Robin.
You kill Robin!
The goblin shouts!
You hear a shout!
The goblin misses you. The goblin barely misses you. The goblin hits you. x2
* * * LOW HITPOINT WARNING * * *
It was a potion of cancellation.
You feel magically purged.
Your magical contamination has completely faded away.
The goblin hits you.
You die...

#.. #.##.####.##....######
#..##.##.# #.##.#.......#
#........# #.##.....###.###
#......#.####....###.###.#.##
#####.##.....)...# #.#.(..#..
######.#####.###.#.#.#.##
#...# #.....#.#.### #.gg#
####....(...# #.g@#
########^# #.gg# .# #...# #
#.... #g..# ).... ).....
)..†...


You could see a hobgoblin and 5 goblins.

Vanquished Creatures
  Robin (D:3)
  2 oozes
  A worm (D:2)
  A dart slug (D:2)
  3 leopard geckos (D:2)
  6 bats
  2 giant cockroaches
  8 goblins
  6 hobgoblins
  2 jackals (D:1)
  4 frilled lizards
  4 kobolds
  7 rats
47 creatures vanquished.

Notes
Turn   | Place    | Note
-------+----------+-------------------------------------------
     0 | D:1      | tb0li the Tengu Air Elementalist began the quest for the Orb.
     0 | D:1      | Reached XP level 1. HP: 10/10 MP: 4/4
   211 | D:1      | Reached XP level 2. HP: 15/15 MP: 1/6
   921 | D:2      | Reached XP level 3. HP: 19/19 MP: 0/7
  1357 | D:2      | Found a sparkling altar of Nemelex Xobeh.
  1357 | D:2      | Found a stormy altar of Qazlal.
  1357 | D:2      | Found a blossoming altar of Fedhas.
  1588 | D:3      | Noticed fearitself's ghost (amateur FoWr)
  1703 | D:3      | Reached XP level 4. HP: 24/24 MP: 6/8
  1730 | D:3      | Noticed Robin
  1737 | D:3      | Killed Robin
  1738 | D:3      | Slain by a goblin

Vault maps used:
D:1:      dpeg_arrival_orchard
D:2:      gammafunk_temple_overflow_claw
D:3:      first_bread, uniq_robin

Skill      XL: |  1  2  3 |
---------------+----------+-----
Conjurations   | 2 3 4 |  4.5
Dodging        | |  2.1
Stealth        | |  2.0
Spellcasting   | |  2.0
Air Magic      | |  4.9

Action                   |  1- 3 |  4- 6 || total
-------------------------+-------+-------++-------
Melee: Unarmed           |     9 |       ||     9
       Kick              |     1 |       ||     1
       Mace              |       |     1 ||     1
 Cast: Shock             |    79 |     9 ||    88
  Use: Potion            |       |     1 ||     1
  Eat: Chunk             |     4 |       ||     4
Armor: Robe              |     1 |     1 ||     2
Dodge: Dodged            |     8 |     9 ||    17
